 Dungeon Crawl Stone Soup version 0.28.0-53-g5a82cb258f (webtiles) character file.

Game seed: 13728568160148466244

3075 enile the Geomancer (level 9, -4/58 HPs)
             Began as an Octopode Wanderer on May 29, 2022.
             Was an Elder of Kikubaaqudgha.
             Slain by a gnoll shaman
             ... wielding a +0 whip
              (11 damage)
             ... on level 7 of the Dungeon.
             The game lasted 00:16:08 (8622 turns).

enile the Geomancer (Octopode Wanderer)             Turns: 8622, Time: 00:16:08

Health: -4/58      AC:  5    Str: 13    XL:     9   Next: 88%
Magic:  9/13       EV: 12    Int: 17    God:    Kikubaaqudgha [****..]
Gold:   408        SH:  6    Dex: 11    Spells: 8/14 levels left

rFire   . . .      SeeInvis .   y - +1 falchion (drain)
rCold   . . .      Faith    .   e - +2 buckler
rNeg    . . .      Spirit   .   (helmet restricted)
rPois   .          Reflect  .   (no amulet)
rElec   .          Harm     .   m - +4 ring of protection
rCorr   .          Rampage  .   (no ring)
Will    .....                   (no ring)
Stlth   ++++......              (no ring)
HPRegen 0.19/turn               (no ring)
MPRegen 0.13/turn               (no ring)
                                (no ring)
                                (no ring)

@: very slightly contaminated
A: almost no armour, amphibious, 8 rings, camouflage 1, gelatinous body 1,
(nimble swimmer 1), tentacles
a: Renounce Religion, Receive Corpses


You were on level 7 of the Dungeon.
You worshipped Kikubaaqudgha.
Kikubaaqudgha was greatly pleased with you.
You visited 1 branch of the dungeon, and saw 7 of its levels.
You also visited: Ossuary.

You collected 531 gold pieces.
You spent 123 gold pieces at shops.

Inventory:

Hand Weapons
 a - a +1 vorpal dagger
 y - a +1 falchion of draining (weapon)
 B - a +1 dagger of venom
 H - a +3 antimagic long sword
Missiles
 b - 2 atropa-tipped darts
 c - 2 datura-tipped darts
 h - a curare-tipped dart
Armour
 e - a +2 buckler (worn)
Jewellery
 i - an amulet of faith
 m - a +4 ring of protection (left tentacle)
Wands
 n - a wand of iceblast (8) (quivered)
 r - a wand of mindburst (6)
 C - a wand of charming (5)
Scrolls
 d - a scroll of enchant weapon
 k - 2 scrolls of teleportation
 l - a scroll of magic mapping {unknown}
 u - a scroll of fog {unknown}
 x - a scroll of noise {unknown}
 A - a scroll of blinking {unknown}
 E - 2 scrolls of fear {unknown}
 G - 2 scrolls of amnesia {unknown}
Potions
 f - 4 potions of curing
 j - a potion of magic {unknown}
 o - a potion of attraction
 p - a potion of degeneration
 q - 2 potions of flight
 s - 2 potions of lignification {unknown}
 t - a potion of mutation {unknown}
 v - a potion of brilliance
 w - a potion of might
 z - a potion of invisibility {unknown}
 D - a potion of experience {unknown}
 F - 2 potions of ambrosia {unknown}


   Skills:
 - Level 4.0 Fighting
 - Level 3.0(3.7) Short Blades
 - Level 3.4(4.0) Long Blades
 - Level 2.0 Dodging
 - Level 5.3 Stealth
 - Level 3.0 Shields
 + Level 3.0 Spellcasting
 - Level 4.0 Air Magic
 - Level 9.0 Earth Magic
 - Level 4.0 Poison Magic
 - Level 5.0 Evocations


You had 8 spell levels left.
You knew the following spells:

 Your Spells              Type           Power      Damage    Failure   Level
a - Sting                 Tmut/Pois      36%        1d4       10%         1
b - Static Discharge      Conj/Air       9%         N/A       16%         2
c - Stone Arrow           Conj/Erth      34%        3d9       11%         3

Your spell library contained the following spells:

 Spells                   Type           Power      Damage    Failure   Level
 Sandblast                Erth           66%        2d15      1%          1
 Passwall                 Tmut/Erth      14%        N/A       5%          2
 Poisonous Vapours        Pois/Air       32%        N/A       7%          2
 Corpse Rot               Necr/Air       18%        N/A       16%         2
 Animate Skeleton         Necr           4%         N/A       22%         1
 Apportation              Tloc           4%         N/A       22%         1
 Slow                     Hex            8%         N/A       22%         1
 Summon Small Mammal      Summ           8%         N/A       22%         1
 Spider Form              Tmut/Pois      9%         N/A       30%         3
 Sublimation of Blood     Necr           2%         N/A       34%         2
 Call Canine Familiar     Summ           2%         N/A       56%         3
 Confusing Touch          Hex            2%         N/A       56%         3
 Summon Guardian Golem    Hex/Summ       2%         N/A       56%         3
 Vampiric Draining        Necr           2%         2d6       56%         3
 Borgnjor's Vile Clutch   Necr/Erth      8%         N/A       69%         5
 Anguish                  Hex/Necr       1%         N/A       92%         4
 Animate Dead             Necr           1%         N/A       92%         4
 Dispel Undead            Necr           2%         3d7       92%         4
 Lightning Bolt           Conj/Air       4%         1d16      95%         5
 Simulacrum               Ice/Necr       1%         N/A       100%        6
 Malign Gateway           Summ/Tloc      1%         N/A       100%        7
 Maxwell's Capacitive Co  Air            8%         ∞         100%        8
 Summon Horrible Things   Summ           1%         N/A       100%        8


Dungeon Overview and Level Annotations

Branches:
Dungeon (7/15)             Temple (0/1) D:7         Ossuary (visited)

Altars:
Fedhas
Kikubaaqudgha
Trog
Yredelemnul

Shops:
D:7 (

Annotations:
D:3 exclusion: gnoll


Innate Abilities, Weirdness & Mutations

You cannot wear most types of armour.
You are amphibious.
You can wear up to eight rings at the same time.
Your skin changes colour to match your surroundings (Stealth+).
Your rubbery body absorbs attacks. (AC +1, EV +1)
((You are camouflaged when in or above water. (Stealth+)))
You have tentacles for arms and can constrict up to eight enemies at once.


Message History

You constrict the gnoll. You block the gnoll's attack.
The gnoll struggles to escape constriction.
You block the gnoll's attack.
You hit the gnoll.
You kill the gnoll!
Kikubaaqudgha accepts your kill. The gnoll closely misses you.
Your Spellcasting skill increases to level 3!
Casting: Stone Arrow (dangerous; 11% risk of failure)
Confirm with . or Enter, or press ? or * to list all spells.
Okay, then.
Casting: Stone Arrow (dangerous; 11% risk of failure)
Confirm with . or Enter, or press ? or * to list all spells.
You miscast Static Discharge.
You are very lightly contaminated with residual magic.
Nothing appears to happen.
You block the gnoll shaman's attack. The gnoll barely misses you.
The gnoll hits you from afar with a +0 spear.
Casting: Static Discharge (safe; 16% risk of failure)
Confirm with . or Enter, or press ? or * to list all spells.
The gnoll shaman is struck by an arc of lightning.
The gnoll shaman is moderately wounded.
The lightning grounds out.
The gnoll shaman hits you with a +0 whip!
The gnoll closely misses you.
The gnoll hits you from afar with a +0 spear.
The gnoll shaman hits you with a +0 whip!
You block the gnoll's attack. The gnoll hits you but does no damage.
You hit the gnoll shaman but do no damage.
You grab the gnoll shaman.
The gnoll shaman is moderately wounded.
You constrict the gnoll shaman.
The gnoll shaman hits you with a +0 whip!
* * * LOW HITPOINT WARNING * * *
The gnoll barely misses you.
The gnoll hits you from afar with a +0 spear.
* * * LOW HITPOINT WARNING * * *
The gnoll shaman hits you with a +0 whip!
You die...
Kikubaaqudgha rasps: "You have failed me!
Welcome... death!"

#...# #...# ####
#...# ..... #...#
..... ##+###...#
......#....#...#
.....g#....#...#
....ggg....#...#
#@...#...#......#
#.(..#...#......#
#....#...#......#
#...##...#......#
##...##...#......#
#.....#...#......#
#.....#...#......#
#.....#...'......#
#.....'...#......#


You could see a gnoll shaman and 3 gnolls.

Vanquished Creatures
  A wyvern (D:6)
  Eustachio (D:5)
  A water moccasin (D:5)
  4 ice beasts
  3 black bears
  A sky beast (D:6)
  A centaur (D:5)
  3 ogres
  3 phantoms
  A kobold brigand (D:6)
  A scorpion (D:5)
  A gnoll sergeant (D:6)
  3 water moccasin skeletons
  A howler monkey (D:4)
  A bullfrog zombie (D:5)
  A centaur zombie (D:5)
  5 hounds
  2 orc priests (D:4)
  2 gnoll shamans
  A jelly (D:6)
  2 bullfrog skeletons
  2 centaur skeletons (D:5)
  5 orc wizards
  A killer bee zombie (D:7)
  2 hound skeletons (D:4)
  8 mummies (Ossuary)
  14 gnolls
  4 adders
  A worm (D:2)
  10 orcs
  13 endoplasms
  A giant cockroach (D:2)
  A gnoll zombie (Ossuary)
  5 goblins
  5 hobgoblins
  9 jackals
  3 quokkas
  5 ball pythons
  8 bats
  4 frilled lizards
  3 hobgoblin zombies (Ossuary)
  14 kobolds
  3 kobold zombies (Ossuary)
  An orc zombie (Ossuary)
161 creatures vanquished.

Vanquished Creatures (others)
  3 plants (D:5)
3 creatures vanquished.

Grand Total: 164 creatures vanquished

Notes
Turn   | Place    | Note
-------+----------+-------------------------------------------
     0 | D:1      | enile the Octopode Wanderer began the quest for the Orb.
     0 | D:1      | enile set off with the following items: a +1 dagger, 2
                  | atropa-tipped darts, 2 datura-tipped darts; and the
                  | following spell memorised: Sting; and the following spells
                  | available to memorise: Spider Form
     0 | D:1      | Reached XP level 1. HP: 17/17 MP: 3/3
    72 | D:1      | Reached skill level 1 in Dodging
   175 | D:1      | Reached XP level 2. HP: 17/22 MP: 5/5
   314 | D:1      | Found a faded altar of an unknown god.
   402 | D:1      | Reached skill level 1 in Poison Magic
   577 | D:1      | Prayed at the altar of an unknown god.
   577 | D:1      | Became a worshipper of Kikubaaqudgha
   577 | D:1      | Reached * piety under Kikubaaqudgha
   577 | D:1      | Received a gift from Kikubaaqudgha
   786 | D:1      | Reached XP level 3. HP: 27/27 MP: 6/6
  2401 | D:3      | Reached skill level 1 in Short Blades
  2401 | D:3      | Reached XP level 4. HP: 33/33 MP: 7/7
  2470 | D:3      | Reached XP level 5. HP: 33/37 MP: 8/8
  2599 | D:3      | Found a bloodstained altar of Trog.
  3101 | D:3      | Reached skill level 1 in Shields
  3392 | D:4      | Reached ** piety under Kikubaaqudgha
  3441 | D:4      | Found a sand-covered staircase.
  3449 | Ossuary  | Entered an ossuary
  3482 | Ossuary  | Reached XP level 6. HP: 43/43 MP: 9/9
  3487 | Ossuary  | Reached skill level 1 in Evocations
  4074 | D:4      | Reached skill level 1 in Air Magic
  4074 | D:4      | Reached XP level 7. HP: 41/48 MP: 10/10
  4378 | D:4      | Learned a level 2 spell: Static Discharge
  4553 | D:4      | Reached *** piety under Kikubaaqudgha
  4553 | D:4      | Received a gift from Kikubaaqudgha
  4835 | D:5      | Entered Level 5 of the Dungeon
  4877 | D:5      | Reached skill level 1 in Earth Magic
  4920 | D:5      | Reached skill level 2 in Earth Magic
  4925 | D:5      | Found a blossoming altar of Fedhas.
  5033 | D:5      | Reached XP level 8. HP: 52/54 MP: 4/11
  5039 | D:5      | Reached skill level 3 in Earth Magic
  5234 | D:5      | Reached skill level 4 in Earth Magic
  5590 | D:5      | Reached skill level 5 in Earth Magic
  5994 | D:5      | Noticed Eustachio
  5997 | D:5      | Reached skill level 6 in Earth Magic
  6003 | D:5      | Killed Eustachio
  6099 | D:5      | Found a basalt altar of Yredelemnul.
  6196 | D:5      | Reached skill level 5 in Evocations
  6361 | D:6      | Reached skill level 1 in Long Blades
  6361 | D:6      | Reached XP level 9. HP: 42/58 MP: 12/12
  6378 | D:6      | HP: 2/58 [ice beast (6)]
  6940 | D:6      | Reached skill level 7 in Earth Magic
  7031 | D:6      | Learned a level 3 spell: Stone Arrow
  7865 | D:7      | Reached skill level 8 in Earth Magic
  8016 | D:7      | Found Reodur's Antique Weapon Boutique.
  8019 | D:7      | Bought a runed long sword for 123 gold pieces
  8215 | D:7      | Found a staircase to the Ecumenical Temple.
  8291 | D:7      | Reached **** piety under Kikubaaqudgha
  8429 | D:7      | Reached skill level 9 in Earth Magic
  8622 | D:7      | Slain by a gnoll shaman

Illustrated notes

Levels and vault maps discovered:
D:1:      tarquinn_simple_flora_water_f, layout_basic,
          shapermc_ecumenical_altar_venn, st_stairs_10
D:2:      layout_basic
D:3:      layout_basic, mainiacjoe_overflow_alcove_1
D:4:      layout_basic, nicolae_ossuary_entry_plus
D:5:      layout_cave_pools, mainiacjoe_overflow_boulevard,
          lemuel_coloured_pillars_altar, uniq_eustachio
D:6:      layout_loops_ring
D:7:      layout_gridville, okawaru_metal_pillars_3, minmay_temple_entry_glass,
          serial_shops, kennysheep_mini, minivault_5

Skill      XL: |  1  2  3  4  5  6  7  8  9 |
---------------+----------------------------+-----
Dodging        | 1 2 |  2.0
Poison Magic   | 1 3 4 |  4.0
Short Blades   | 1 2 3 |  3.0
Shields        | 2 3 |  3.0
Evocations     | 3 5 |  5.0
Air Magic      | 1 4 |  4.0
Earth Magic    | 2 6 9 |  9.0
Long Blades    | 1 3 |  3.4
Spellcasting   | 3 |  3.0
Fighting       | |  4.0
Stealth        | |  5.3

Action                   |  1- 3 |  4- 6 |  7- 9 || total
-------------------------+-------+-------+-------++-------
Melee: Dagger            |    77 |   120 |    94 ||   291
       Constrict         |    15 |    26 |    29 ||    70
       Tentacles         |    15 |    31 |    59 ||   105
       Punch             |     1 |     3 |     4 ||     8
       Falchion          |       |       |   150 ||   150
Throw: Dart              |       |     1 |     2 ||     3
 Cast: Sting             |     4 |     3 |     3 ||    10
       Static Discharge  |       |       |    17 ||    17
       Stone Arrow       |       |       |    19 ||    19
Evoke: Wand              |       |       |    11 ||    11
  Use: Scroll            |       |     5 |     6 ||    11
       Potion            |       |     1 |    11 ||    12
 Stab: Sleeping          |    12 |     8 |    11 ||    31
Armor: Skin              |     5 |    16 |    73 ||    94
Dodge: Dodged            |    49 |    49 |   161 ||   259
Block: Buckler           |     7 |    13 |    58 ||    78
